 Dungeon Crawl Stone Soup version 0.13.0-3-g966e3ec (webtiles) character file.

213 Malachi the Ruffian (level 3, 0/30 HPs)
             Began as a Ghoul Monk on Oct 13, 2013.
             Slain by a jackal (1 damage)
             ... on Level 3 of the Dungeon.
             The game lasted 00:04:02 (1591 turns).

Malachi the Ruffian (Ghoul Monk)                    Turns: 1591, Time: 00:04:02

HP   0/30        AC  2     Str 14      XL: 3   Next: 79%
MP   2/2         EV 12     Int  6      God:
Gold 163         SH  0     Dex  9 (11) Spells:  0 memorised,  2 levels left

Res.Fire  : . . .   See Invis. : .     - Unarmed
Res.Cold  : + . .   Warding    : .   a - +0 robe
Life Prot.: + + +   Conserve   : .   (no shield)
Res.Poison: +       Res.Corr.  : .   (no helmet)
Res.Elec. : .       Clarity    : .   (no cloak)
Sust.Abil.: . .     Spirit.Shd : .   (no gloves)
Res.Mut.  : .       Stasis     : .   (no boots)
Res.Rott. : +       Flight     : .   (no amulet)
Saprovore : + + +                    (no ring)
                                     (no ring)

@: rotting, not resistant to hostile enchantments, fairly stealthy
A: rotting body, claws 1, carnivore 3, cold resistance 1, life protection 3,
poison resistance, saprovore 3, slow healing 1, torment resistance, unbreathing
a: no special abilities


You were on level 3 of the Dungeon.
You were not hungry.

You visited 1 branch of the dungeon, and saw 3 of its levels.

You collected 163 gold pieces.

Inventory:

Hand weapons
 b - a +1,+2 spear of dragon slaying (quivered)
Armour
 a - a +0 robe (worn)
Magical devices
 l - a wand of confusion (11)
Comestibles
 j - a meat ration
 q - a slice of pizza
Scrolls
 c - 4 scrolls of remove curse {unknown}
 g - a scroll of enchant weapon II {unknown}
 m - a scroll of fear {unknown}
 p - a scroll of curse jewellery {unknown}
Potions
 d - a potion of heal wounds
 i - a potion of restore abilities
Books
 o - a book of Summonings

   Spells                             Type                      Level
   Abjuration                         Summoning                    3
   Recall                             Summoning/Translocation      3
   Summon Elemental                   Summoning                    4
   Shadow Creatures                   Summoning                    5
   Summon Demon                       Summoning                    5
   Summon Ugly Thing                  Summoning                    6


   Skills:
 + Level 3.4 Fighting
 + Level 0.3 Polearms
 + Level 3.3 Dodging
 + Level 3.0 Stealth
 + Level 4.7 Unarmed Combat


You had 2 spell levels left.
You didn't know any spells.

Dungeon Overview and Level Annotations

Branches:
Dungeon (3/27)

Altars:
Ashenzari


Innate Abilities, Weirdness & Mutations

Your body is rotting away.
You have sharp fingernails.
You are carnivorous and can eat meat at any time.
Your flesh is cold resistant.
You are immune to negative energy.
Your system is resistant to poisons.
You thrive on rotten meat.
You heal slowly.
You are immune to unholy pain and torment.
You can survive without breathing.


Message History

You hit the jackal.
You kill the jackal!
The jackal bites you.
* * * LOW HITPOINT WARNING * * *
The jackal closely misses you.
You closely miss the jackal. You claw the jackal, but do no damage.
The jackal misses you. The jackal bites you.
* * * LOW HITPOINT WARNING * * *
You hit the jackal.
The jackal begins to bleed from its wounds!
The jackal is moderately wounded.
The jackal closely misses you. The jackal barely misses you.
The jackal bites you.
* * * LOW HITPOINT WARNING * * *
You closely miss the jackal.
The jackal is moderately wounded.
The jackal bites you.
* * * LOW HITPOINT WARNING * * *
The jackal bites you.
You die...

#......[......#
#...#
#.............#
#.###
#######.......#
#.# #.......#
#.# #.......#
#.# #.......#
..# #.......# #
#.......#
#...h@..#
#...h...#
#.......+
#.......#
#.#+#.... #.
#..... #
#♣....# ......
...


You could see 2 jackals.

Vanquished Creatures
  A worm (D:2)
  An ooze (D:2)
  8 bats
  4 giant cockroaches
  5 goblins
  A hobgoblin (D:1)
  6 jackals
  A quokka (D:2)
  A giant newt (D:1)
  2 kobolds
  11 rats
41 creatures vanquished.

Notes
Turn   | Place    | Note
--------------------------------------------------------------
     0 | D:1      | Malachi, the Ghoul Monk, began the quest for the Orb.
     0 | D:1      | Reached XP level 1. HP: 17/17 MP: 0/0
   108 | D:1      | Reached XP level 2. HP: 12/24 MP: 1/1
   817 | D:2      | Reached XP level 3. HP: 29/29 MP: 2/2
   977 | D:2      | Found a shattered altar of Ashenzari.
  1501 | D:3      | Paralysed by a potion of paralysis for 7 turns
  1591 | D:3      | HP: 1/30 [jackal (1)]
  1591 | D:3      | Slain by a jackal

Action                   || total
-------------------------++-------
Melee: Spear             ||    53
       Unarmed           ||    84
Evoke: Wand              ||     1
  Use: Potion            ||     9
 Stab: Sleeping          ||     8
